TOP OF THE 1ST |
Arkansas Travelers batting - Pitching for Birmingham Barons : RHP Willie Felix
|
Pitching: RHP Willie Felix
|
|
Batting: RHB Jose Pineda
|
0-0: Ball 1-0: Bunted foul 1-1: Ball 2-1: Swinging Strike 2-2: Strikes out swinging
|
Batting: LHB Rusty Ney
|
0-0: SINGLE (Line Drive, 7S, EV 107.5 MPH)
|
Batting: RHB Oren Jones
|
0-0: Called Strike 0-1: Ball 1-1: Called Strike 1-2: Reached on error, E4 (Groundball, 13, EV 85.6 MPH) Rusty Ney to second
|
Batting: SHB Mario Padron
|
0-0: Foul Ball, location: 2F 0-1: Called Strike Rusty Ney steals 3rd base 0-2: Ball 1-2: Ball 2-2: Strikes out looking
|
Batting: SHB Brendan Bundy
|
0-0: Fly out, F9 (Flyball, 9LM, EV 96.2 MPH)
|
Top of the 1st over - 0 runs, 1 hit, 1 error, 2 left on base; Arkansas 0 - Birmingham 0 |
BOTTOM OF THE 1ST |
Birmingham Barons batting - Pitching for Arkansas Travelers : RHP Erick Vazquez
|
Pitching: RHP Erick Vazquez
|
|
Batting: RHB Adam Lambert
|
0-0: Ball 1-0: Ball 2-0: Swinging Strike 2-1: Swinging Strike 2-2: Ball 3-2: Ground out 5-3 (Groundball, 56, EV 92.5 MPH)
|
Batting: SHB In-sung Lee
|
0-0: Ball 1-0: SINGLE (Groundball, 34D, EV 108.1 MPH)
|
Batting: LHB Dustin Taylor
|
0-0: Ball 1-0: Called Strike 1-1: Ball 2-1: Ball 3-1: Ground out 6-3 (Groundball, P, EV 84.4 MPH) In-sung Lee to second
|
Batting: RHB Mike Warzecha
|
0-0: Ball 1-0: Foul Ball, location: 2F 1-1: SINGLE (Groundball, 6D, EV 108.1 MPH) In-sung Lee to third Runner from 3rd tries for Home, throw by CF and OUT! 8-2
|
Bottom of the 1st over - 0 runs, 2 hits, 0 errors, 1 left on base; Arkansas 0 - Birmingham 0 |
TOP OF THE 2ND |
Arkansas Travelers batting - Pitching for Birmingham Barons : RHP Willie Felix
|
Batting: RHB Luis Romero
|
0-0: Foul Ball, location: 2F 0-1: Foul Ball, location: 2F 0-2: Ball 1-2: Ball 2-2: Ball 3-2: SINGLE (Line Drive, 8RS, EV 88.8 MPH)
|
Batting: LHB Tyler Meier
|
0-0: Ball 1-0: Called Strike 1-1: Ball Luis Romero steals 2nd base 2-1: Called Strike 2-2: Strikes out swinging
|
Batting: RHB Tsega Haida
|
0-0: Ground out 6-3 (Groundball, 56, EV 81.9 MPH)
|
Batting: LHB Sean Corderman
|
0-0: Called Strike 0-1: Ball 1-1: Ball 2-1: Ball 3-1: Foul Ball, location: 2F 3-2: Strikes out swinging
|
Top of the 2nd over - 0 runs, 1 hit, 0 errors, 1 left on base; Arkansas 0 - Birmingham 0 |
BOTTOM OF THE 2ND |
Birmingham Barons batting - Pitching for Arkansas Travelers : RHP Erick Vazquez
|
Batting: LHB Alberto Carrasco
|
0-0: Swinging Strike 0-1: Ball 1-1: Ball 2-1: Ball 3-1: DOUBLE (Flyball, 78XD, EV 115.0 MPH)
|
Batting: RHB Paul Lloyd
|
0-0: Ball 1-0: Foul Ball, location: 2F 1-1: Foul Ball, location: 2F 1-2: Ground out 5-3 (Groundball, 56, EV 80.0 MPH)
|
Batting: LHB Preston Knaak
|
Pickoff Throw to Second - Error! E1 Alberto Carrasco to third 0-0: Ball 1-0: Foul Ball, location: 2F 1-1: Foul Ball, location: 2F 1-2: Foul Ball, location: 2F 1-2: Strikes out swinging
|
Batting: RHB Jamie Ogilvie
|
0-0: Ball 1-0: Foul Ball, location: 2F 1-1: Ball 2-1: Ball 3-1: Foul Ball, location: 2F 3-2: Fly out, F7 (Line Drive, 7S, EV 100.0 MPH)
|
Bottom of the 2nd over - 0 runs, 1 hit, 1 error, 1 left on base; Arkansas 0 - Birmingham 0 |
TOP OF THE 3RD |
Arkansas Travelers batting - Pitching for Birmingham Barons : RHP Willie Felix
|
Batting: RHB Jose Pineda
|
0-0: SINGLE (Groundball, 34D, EV 99.4 MPH)
|
Batting: LHB Rusty Ney
|
0-0: Called Strike 0-1: Ball 1-1: Foul Ball, location: 2F 1-2: Ball 2-2: Strikes out swinging
|
Batting: RHB Oren Jones
|
0-0: Ball 1-0: Called Strike 1-1: Ball 2-1: Called Strike Jose Pineda steals 2nd, throwing error, E2 Jose Pineda to third 2-2: Foul Ball, location: 2F 2-2: Fly out, F7 (Flyball, 7S, EV 83.1 MPH)
|
Batting: SHB Mario Padron
|
0-0: Ball 1-0: Foul Ball, location: 2F 1-1: Fly out, F8 (Flyball, 8LXD, EV 91.2 MPH)
|
Top of the 3rd over - 0 runs, 1 hit, 1 error, 1 left on base; Arkansas 0 - Birmingham 0 |
BOTTOM OF THE 3RD |
Birmingham Barons batting - Pitching for Arkansas Travelers : RHP Erick Vazquez
|
Batting: RHB Hector Padilla
|
0-0: Foul Ball, location: 2F 0-1: Foul Ball, location: 2F 0-2: Ball 1-2: Ball 2-2: Ball 3-2: Foul Ball, location: 2F 3-2: Base on Balls
|
Batting: RHB Adam Lambert
|
0-0: Swinging Strike 0-1: Ball 1-1: Grounds into double play, 6-4-3 (Groundball, 6, EV 95.0 MPH)
|
Batting: SHB In-sung Lee
|
0-0: DOUBLE (Line Drive, 5D, EV 95.6 MPH)
|
Batting: LHB Dustin Taylor
|
0-0: Ball 1-0: Ground out 6-3 (Groundball, 6, EV 91.2 MPH)
|
Bottom of the 3rd over - 0 runs, 1 hit, 0 errors, 1 left on base; Arkansas 0 - Birmingham 0 |
TOP OF THE 4TH |
Arkansas Travelers batting - Pitching for Birmingham Barons : RHP Willie Felix
|
Batting: SHB Brendan Bundy
|
0-0: Foul Ball, location: 2F 0-1: Called Strike 0-2: Ball 1-2: Ball 2-2: Strikes out looking
|
Batting: RHB Luis Romero
|
0-0: Ball 1-0: Ground out 1-3 (Groundball, 13, EV 64.4 MPH)
|
Batting: LHB Tyler Meier
|
0-0: Called Strike 0-1: Foul Ball, location: 2F 0-2: Strikes out swinging
|
Top of the 4th over - 0 runs, 0 hits, 0 errors, 0 left on base; Arkansas 0 - Birmingham 0 |
BOTTOM OF THE 4TH |
Birmingham Barons batting - Pitching for Arkansas Travelers : RHP Erick Vazquez
|
Batting: RHB Mike Warzecha
|
0-0: Ball 1-0: Ground out 3-1 (Groundball, 34, EV 106.9 MPH)
|
Batting: LHB Alberto Carrasco
|
0-0: Reached on error, E6 (Groundball, 6, EV 85.0 MPH)
|
Batting: RHB Paul Lloyd
|
0-0: Ball Alberto Carrasco steals 2nd base 1-0: Ground out 6-3 (Groundball, 6, EV 83.8 MPH) Alberto Carrasco to third
|
Batting: LHB Preston Knaak
|
0-0: Called Strike 0-1: Ball 1-1: Ball 2-1: Ball 3-1: Called Strike 3-2: Foul Ball, location: 2F 3-2: Foul Ball, location: 2F 3-2: Base on Balls
|
Batting: RHB Jamie Ogilvie
|
0-0: SINGLE (Groundball, 56D, EV 95.6 MPH) Alberto Carrasco scores Preston Knaak to second
|
Batting: RHB Hector Padilla
|
0-0: Swinging Strike 0-1: Swinging Strike 0-2: Ball 1-2: Strikes out swinging
|
Bottom of the 4th over - 1 run, 1 hit, 1 error, 2 left on base; Arkansas 0 - Birmingham 1 |
TOP OF THE 5TH |
Arkansas Travelers batting - Pitching for Birmingham Barons : RHP Willie Felix
|
Batting: RHB Tsega Haida
|
0-0: Ball 1-0: Swinging Strike 1-1: Foul Ball, location: 2F 1-2: Foul Ball, location: 2F 1-2: Foul Ball, location: 2F 1-2: Ball 2-2: Ball 3-2: Foul Ball, location: 2F 3-2: Foul Ball, location: 2F 3-2: Foul Ball, location: 2F 3-2: Strikes out swinging, 2-3 out at first.
|
Batting: LHB Sean Corderman
|
0-0: Called Strike 0-1: Foul Ball, location: 2F 0-2: Ground out U3 (Groundball, 34, EV 85.0 MPH)
|
Batting: RHB Jose Pineda
|
0-0: Ball 1-0: Ball 2-0: Called Strike 2-1: Foul Ball, location: 2F 2-2: Reached on error, E6 (Groundball, 6, EV 96.9 MPH)
|
Batting: LHB Rusty Ney
|
0-0: Ball 1-0: Fielders Choice at 2nd, 5-4 (Groundball, 56, EV 90.6 MPH)
|
Top of the 5th over - 0 runs, 0 hits, 1 error, 1 left on base; Arkansas 0 - Birmingham 1 |
BOTTOM OF THE 5TH |
Birmingham Barons batting - Pitching for Arkansas Travelers : RHP Erick Vazquez
|
Batting: RHB Adam Lambert
|
0-0: Ball 1-0: Swinging Strike 1-1: SINGLE (Groundball, 56, EV 94.4 MPH)
|
Batting: SHB In-sung Lee
|
0-0: Called Strike Adam Lambert steals 2nd base 0-1: Ball 1-1: Ball 2-1: Foul Ball, location: 2F 2-2: Ground out U3 (Groundball, 23, EV 86.9 MPH) Adam Lambert to third
|
Batting: LHB Dustin Taylor
|
0-0: Called Strike 0-1: Ground out 5-3 (Groundball, 6S, EV 64.4 MPH)
|
Batting: RHB Mike Warzecha
|
0-0: Called Strike 0-1: SINGLE (Line Drive, 56D, EV 97.5 MPH) Adam Lambert scores
|
Batting: LHB Alberto Carrasco
|
0-0: Foul Ball, location: 2F 0-1: SINGLE (Line Drive, 34D, EV 98.1 MPH) Mike Warzecha to second Runner from 2nd tries for 3rd, SAFE, throw by RF made to third
|
Batting: RHB Paul Lloyd
|
0-0: Ball 1-0: Ball 2-0: Fly out, F4 (Popup, 34D, EV 66.2 MPH)
|
Bottom of the 5th over - 1 run, 3 hits, 0 errors, 2 left on base; Arkansas 0 - Birmingham 2 |
TOP OF THE 6TH |
Arkansas Travelers batting - Pitching for Birmingham Barons : RHP Willie Felix
|
Batting: RHB Oren Jones
|
0-0: Called Strike 0-1: Ball 1-1: DOUBLE (Line Drive, 9LD, EV 105.0 MPH)
|
Batting: SHB Mario Padron
|
0-0: Ball 1-0: DOUBLE (Line Drive, 9LD, EV 106.9 MPH) Oren Jones scores
|
Batting: SHB Brendan Bundy
|
0-0: Swinging Strike 0-1: Foul Ball, location: 2F 0-2: Ball 1-2: Strikes out swinging
|
Batting: RHB Luis Romero
|
0-0: Ball 1-0: Ball 2-0: Ball 3-0: Base on Balls
|
Batting: LHB Tyler Meier
|
0-0: 3-RUN HOME RUN (Flyball, 89XD, EV 100.6 MPH), Distance : 407 ft
|
Pitching: RHP Tony Contreras
|
|
Batting: RHB Tsega Haida
|
0-0: Ball 1-0: Ball 2-0: Swinging Strike 2-1: Foul Ball, location: 2F 2-2: Foul Ball, location: 2F 2-2: Fly out, F9 (Line Drive, 9, EV 94.4 MPH)
|
Batting: LHB Sean Corderman
|
0-0: Ball 1-0: Foul Ball, location: 2F 1-1: Foul Ball, location: 2F 1-2: Strikes out swinging
|
Top of the 6th over - 4 runs, 3 hits, 0 errors, 0 left on base; Arkansas 4 - Birmingham 2 |
BOTTOM OF THE 6TH |
Birmingham Barons batting - Pitching for Arkansas Travelers : RHP Erick Vazquez
|
Batting: LHB Preston Knaak
|
0-0: Ball 1-0: Foul Ball, location: 2F 1-1: Called Strike 1-2: Strikes out swinging
|
Batting: RHB Jamie Ogilvie
|
0-0: Ball 1-0: Foul Ball, location: 2F 1-1: Ground out 5-3 (Groundball, 5S, EV 86.2 MPH)
|
Batting: RHB Hector Padilla
|
0-0: Called Strike 0-1: Fly out, F3 (Popup, 3SF, EV 70.6 MPH)
|
Bottom of the 6th over - 0 runs, 0 hits, 0 errors, 0 left on base; Arkansas 4 - Birmingham 2 |
TOP OF THE 7TH |
Arkansas Travelers batting - Pitching for Birmingham Barons : RHP Tony Contreras
|
Batting: RHB Jose Pineda
|
0-0: Ball 1-0: Ground out 4-3 (Groundball, 4S, EV 93.8 MPH)
|
Batting: LHB Rusty Ney
|
0-0: Ball 1-0: Ground out 2-3 (Groundball, 2R, EV 67.5 MPH)
|
Batting: RHB Oren Jones
|
0-0: Ball 1-0: Ground out 4-3 (Groundball, 4M, EV 83.1 MPH)
|
Top of the 7th over - 0 runs, 0 hits, 0 errors, 0 left on base; Arkansas 4 - Birmingham 2 |
BOTTOM OF THE 7TH |
Birmingham Barons batting - Pitching for Arkansas Travelers : RHP Erick Vazquez
|
Pitching: RHP Jose Alvarado
|
|
Batting: RHB Adam Lambert
|
0-0: Foul Ball, location: 2F 0-1: SINGLE (Groundball, 34D, EV 108.1 MPH)
|
Batting: SHB In-sung Lee
|
0-0: Called Strike 0-1: Called Strike 0-2: Ball Adam Lambert steals 2nd, throwing error, E2 Adam Lambert to third 1-2: Ball 2-2: 2-RUN HOME RUN (Line Drive, 78XD, EV 113.1 MPH), Distance : 422 ft
|
Batting: LHB Dustin Taylor
|
0-0: Ball 1-0: Ball 2-0: Ball 3-0: Called Strike 3-1: Base on Balls
|
Batting: RHB Mike Warzecha
|
0-0: Ball Dustin Taylor steals 2nd base 1-0: Ball 2-0: Ball 3-0: Called Strike 3-1: Base on Balls
|
Batting: LHB Alberto Carrasco
|
0-0: Ball 1-0: Called Strike Mike Warzecha steals 2nd base Dustin Taylor steals 3rd base 1-1: Intentional Walk
|
Batting: RHB Paul Lloyd
|
0-0: SINGLE (Groundball, 34D, EV 105.0 MPH) Dustin Taylor scores Mike Warzecha to third Alberto Carrasco to second Runner from 3rd tries for Home, SAFE, throw by RF to home
|
Pitching: RHP Trece Hunter
|
|
Batting: LHB Preston Knaak
|
0-0: Called Strike 0-1: Ball 1-1: Called Strike 1-2: Ball 2-2: Ball 3-2: SINGLE (Groundball, 56D, EV 106.2 MPH) Alberto Carrasco to third Paul Lloyd to second Runner from 3rd tries for Home, SAFE, throw by LF to home
|
Batting: RHB Jamie Ogilvie
|
0-0: Called Strike 0-1: Ball 1-1: Bunted foul 1-2: Foul Ball, location: 2F 1-2: Fielders Choice at 2nd, 6-4 (Groundball, 56, EV 81.9 MPH) Paul Lloyd to third
|
Batting: RHB Hector Padilla
|
0-0: Ball 1-0: Swinging Strike 1-1: Foul Ball, location: 2F 1-2: Strikes out looking
|
Batting: RHB Adam Lambert
|
0-0: Called Strike 0-1: Called Strike 0-2: Ball 1-2: Fly out, F4 (Line Drive, 4, EV 74.4 MPH)
|
Bottom of the 7th over - 5 runs, 4 hits, 1 error, 2 left on base; Arkansas 4 - Birmingham 7 |
TOP OF THE 8TH |
Arkansas Travelers batting - Pitching for Birmingham Barons : RHP Tony Contreras
|
Batting: SHB Mario Padron
|
0-0: Ball 1-0: Called Strike 1-1: Ball 2-1: Fly out, F8 (Flyball, 8RD, EV 96.9 MPH)
|
Batting: SHB Brendan Bundy
|
0-0: Ball 1-0: Ball 2-0: Ball 3-0: Called Strike 3-1: Ground out U3 (Groundball, 3, EV 105.0 MPH)
|
Batting: RHB Luis Romero
|
0-0: Ball 1-0: Ball 2-0: Ball 3-0: Base on Balls
|
Batting: LHB Tyler Meier
|
0-0: Ball 1-0: Foul Ball, location: 2F 1-1: Swinging Strike 1-2: Ground out 4-3 (Groundball, 4, EV 89.4 MPH)
|
Top of the 8th over - 0 runs, 0 hits, 0 errors, 1 left on base; Arkansas 4 - Birmingham 7 |
BOTTOM OF THE 8TH |
Birmingham Barons batting - Pitching for Arkansas Travelers : RHP Trece Hunter
|
Pitching: LHP Jose Rivera
|
|
Batting: SHB In-sung Lee
|
0-0: Ball 1-0: Called Strike 1-1: Foul Ball, location: 2F 1-2: Ground out 6-3 (Groundball, 6, EV 96.9 MPH)
|
Batting: LHB Dustin Taylor
|
0-0: Called Strike 0-1: Ball 1-1: Ball 2-1: Foul Ball, location: 2F 2-2: Ball 3-2: Base on Balls
|
Pitching: RHP Eric Cunningham
|
|
Batting: RHB Mike Warzecha
|
0-0: Called Strike 0-1: Ball 1-1: Ball 2-1: Called Strike 2-2: Ball Dustin Taylor steals 2nd base 3-2: Foul Ball, location: 2F 3-2: Strikes out swinging
|
Batting: LHB Alberto Carrasco
|
0-0: SINGLE (Groundball, 25, EV 68.1 MPH) (infield hit) Dustin Taylor to third
|
Batting: RHB Paul Lloyd
|
0-0: Ball 1-0: Foul Ball, location: 2F 1-1: Ground out 6-3 (Groundball, 56, EV 97.5 MPH)
|
Bottom of the 8th over - 0 runs, 1 hit, 0 errors, 2 left on base; Arkansas 4 - Birmingham 7 |
TOP OF THE 9TH |
Arkansas Travelers batting - Pitching for Birmingham Barons : RHP Tony Contreras
|
Pitching: LHP Troy Salzer
|
|
Batting: RHB Tsega Haida
|
0-0: Ball 1-0: Ball 2-0: Foul Ball, location: 2F 2-1: Foul Ball, location: 2F 2-2: Ball 3-2: Foul Ball, location: 2F 3-2: Fly out, F5 (Popup, 5S, EV 83.1 MPH)
|
Pinch Hitting: SHB Ivan Barry
|
0-0: SINGLE (Groundball, 25, EV 71.2 MPH) (infield hit)
|
Batting: RHB Jose Pineda
|
0-0: Ball 1-0: Fielders Choice at 2nd, 1-4 (Groundball, 15, EV 71.2 MPH)
|
Batting: LHB Rusty Ney
|
0-0: Called Strike 0-1: Ball 1-1: Ground out 4-3 (Groundball, 4, EV 105.6 MPH)
|
Top of the 9th over - 0 runs, 1 hit, 0 errors, 1 left on base; Arkansas 4 - Birmingham 7 |
|